Map: Dusk Towers

Players

LilDicky

  • Race: Terran Terran
  • League: Diamond

nLghosT - Winner!

  • Race: Zerg Zerg
  • League: Diamond

VOD

http://www.twitch.tv/tumescentpie

Description

Time

  • Played on: Dec. 4, 2015, 11:53 a.m.
  • Length: 7:15
Show
View Real Time Build Order
Export as new Build Order

LilDicky Terran 

Build Orders: MMM Bio 

Get SALT Encoding   

  12  0:01  SCV  
  13  0:13  SCV  
  14  0:17  Supply Depot  
  14  0:25  SCV  
  15  0:34  Refinery  
  15  0:39  SCV  
  16  0:45  Barracks  
  16  0:51  SCV  
  17  1:03  SCV  
  18  1:16  SCV  
  20  1:33  Reaper  
  20  1:36  Orbital Command  
  20  1:52  Command Center  
  20  2:02  SCV  
  20  2:05  Supply Depot  
  22  2:19  Barracks Tech Lab, Barracks x2  
  21  2:25  SCV, Refinery  
  23  2:37  SCV  
  23  2:44  Marine  
  24  2:54  SCV, Stimpack  
  24  2:57  Supply Depot  
  25  3:07  SCV, Orbital Command  
  26  3:28  SCV  
  26  3:29  Supply Depot, Barracks Tech Lab  
  26  3:31  Barracks Reactor  
  27  3:35  SCV  
  27  3:36  Factory  
  28  3:53  Combat Shields  
  28  3:54  Marine x2  
  28  3:55  SCV  
  30  4:01  SCV  
  31  4:07  SCV  
  31  4:09  Marine x2  
  34  4:13  SCV  
  37  4:19  SCV  
  40  4:26  Marine  
  40  4:27  Marine  
  40  4:28  Starport  
  40  4:30  Factory Reactor  
  38  4:32  Marine  
  38  4:33  Marine  
  38  4:34  SCV x2  
  38  4:37  Supply Depot  
  42  4:45  Engineering Bay  
  42  4:46  SCV x2  
  42  4:51  Marauder  
  46  4:53  Marauder, Marine x2  
  46  4:58  SCV  
  51  5:01  SCV  
  52  5:07  Concussive Shells  
  52  5:10  SCV  
  52  5:12  Marauder  
  52  5:13  Marine x2  
  57  5:21  Medivac x2  
  57  5:23  Marauder  
  57  5:28  SCV  
  64  5:32  SCV  
  64  5:34  Marauder, Marine x2  
  69  5:40  SCV  
  70  5:48  Command Center  
  70  5:57  Supply Depot, Marauder x2, Medivac x2  
  78  6:05  Refinery x2  
  78  6:10  Supply Depot  
  78  6:11  SCV x2, Marine x2  
  82  6:17  Engineering Bay  
  80  6:19  Missile Turret  
  80  6:20  Missile Turret  
  80  6:21  Missile Turret  
  80  6:25  Marine x2  
  79  6:28  Marine  
  48  6:59  Missile Turret  
Show
View Real Time Build Order
Export as new Build Order

nLghosT Zerg - Winner!

Build Orders: Hatch First 

Get SALT Encoding   

  12  0:01  Drone  
  13  0:13  Overlord  
  13  0:17  Drone  
  14  0:31  Drone x2  
  14  0:35  Drone  
  17  0:58  Hatchery, Drone  
  17  1:02  Drone  
  18  1:07  Drone  
  19  1:11  Extractor  
  18  1:20  Spawning Pool  
  18  1:23  Drone  
  18  1:28  Drone  
  19  1:48  Overlord  
  19  2:07  Zergling x4  
  21  2:09  Queen  
  21  2:10  Queen  
  21  2:11  Drone  
  21  2:12  Drone  
  21  2:14  Metabolic Boost  
  27  2:21  Drone  
  28  2:27  Drone  
  29  2:38  Drone x2  
  31  2:45  Overlord, Queen  
  33  2:53  Drone  
  33  2:54  Drone  
  33  2:57  Lair  
  35  3:07  Drone  
  35  3:08  Drone x2  
  38  3:13  Extractor  
  38  3:14  Extractor  
  38  3:19  Drone x2  
  38  3:23  Queen  
  40  3:29  Drone x4  
  40  3:31  Overlord  
  44  3:57  Drone x8  
  44  4:00  Spire  
  44  4:01  Overlord  
  51  4:05  Overlord  
  51  4:16  Drone, Extractor  
  51  4:17  Drone  
  51  4:21  Drone  
  54  4:24  Drone  
  54  4:27  Drone  
  55  4:41  Hatchery  
  54  4:48  Drone  
  55  4:58  Hatchery  
  54  5:13  Zerg Flyer Weapons Level 1, Mutalisk x5  
  54  5:14  Mutalisk  
  56  5:15  Overlord x3  
  66  5:26  Overlord x3  
  64  5:46  Drone x7  
  71  5:52  Drone  
  71  5:53  Drone  
  73  5:58  Evolution Chamber  
  73  5:59  Evolution Chamber  
  71  6:05  Mutalisk x3  
  71  6:06  Mutalisk  
  71  6:07  Extractor  
  71  6:09  Extractor  
  77  6:15  Mutalisk  
  77  6:16  Mutalisk x2  
  83  6:24  Zergling x14  
  84  6:38  Zergling x12  
  88  6:46  Zergling x2  
  88  6:47  Zergling x22  
Tags
 
Add a new tag
Caveats
  • Supply blocks, unpowered buildings, or Contaminate may cause inaccurate times.
  • Supply counts are checked every 10 seconds.